 Dungeon Crawl Stone Soup version 0.31-a0-1388-g4b2ba238e7 (webtiles) character file.

Game seed: 6814343769348079311

144611 Alvadar the Sorcerer (level 16, -10/87 HPs)
             Began as a Deep Elf Conjurer on Dec 25, 2023.
             Was a High Priest of Sif Muna.
             Killed by the air
             ... invoked by a spriggan air mage
             ... led by the Enchantress
              (14 damage)
             ... on level 1 of the Depths.
             The game lasted 01:59:34 (33106 turns).

Alvadar the Sorcerer (Deep Elf Conjurer)           Turns: 33106, Time: 01:59:38

Health: -10/87     AC: 10    Str: 12    XL:     16   Next: 85%
Magic:  8/43       EV: 17    Int: 37    God:    Sif Muna [*****.]
Gold:   2277       SH:  0    Dex: 16    Spells: 32/57 levels left

rFire   + + .        X - staff "Kafopabrae" {rF+ Int+4 Fire Alchemy}
rCold   + . .        (no shield)
rNeg    + . .        G - +0 robe
rPois   +            k - +2 helmet {Int+3}
rElec   .            A - scarf {rC+ rF+}
rCorr   .            S - +2 pair of gloves of the Untouchables {rPois Dex+3}
SInv    .            j - +1 pair of boots
Will    .....        T - amulet of magic regeneration
Stlth   ++           H - ring of the Tempest {Fire rN+ Str+6}
HPRegen 0.34/turn    h - ring of ice
MPRegen 0.68/turn

%: no passive effects
@: weak-willed, slowed, very slow
A: no striking features
a: Renounce Religion, Channel Magic, Forget Spell, Divine Exegesis


You were on level 1 of the Depths.
You worshipped Sif Muna.
Sif Muna was extremely pleased with you.
You visited 5 branches of the dungeon, and saw 24 of its levels.
You also visited: Trove, Sewer, Ossuary, Gauntlet and Ice Cave.

You collected 2731 gold pieces.
You spent 454 gold pieces at shops.

Inventory:

Hand Weapons
 m - the +9 flail of Wilaeclo {heavy, rPois rN+++ Int+5}
   (You took it off an efreet on level 9 of the Dungeon)

   Int+5:     It affects your intelligence (+5).
   rPois:     It protects you from poison rN+++: It renders you almost immune to
   negative energy.
Armour
 j - a +1 pair of boots (worn)
 k - a +2 helmet of intelligence (worn)
 A - a scarf of resistance (worn)
 G - a +0 robe (worn)
 J - a +0 troll leather armour
 S - the +2 pair of gloves of the Untouchables (worn) {rPois Dex+3}
   (You bought it in a shop on level 2 of the Orcish Mines)

   Dex+3:     It affects your dexterity (+3).
   rPois:     It protects you from poison
Magical Staves
 X - the staff "Kafopabrae" (weapon) {rF+ Int+4 Fire Alchemy}
   (You found it on level 9 of the Dungeon)

   [staff of fire]

   Base accuracy: +5 Base damage: 5 Base attack delay: 1.2 This weapon's minimum
   attack delay (0.6) is reached at skill level 12.
   Int+4:     It affects your intelligence (+4).
   rF+:       It protects you from fire.
   Fire:      It increases the power of your Fire spells.
   Alchemy:   It increases the power of your Alchemy spells.
   It falls into the 'Staves' category.
   It is a one-handed weapon.
Jewellery
 h - a ring of ice (right hand)
 p - the ring of Ucziygiu {+Blink rN+ Will- rCorr}
   (You found it in a treasure trove)

   [ring of resist corrosion]

   rN+:       It protects you from negative energy.
   Will-:     It decreases your willpower.
   +Blink:    It lets you blink.
   rCorr:     It protects you from acid and corrosion.
 H - the ring of the Tempest (left hand) {Fire rN+ Str+6}
   (You found it in a Gauntlet)

   [ring of fire]

   Fire:      It enhances your fire magic.
   Str+6:     It affects your strength (+6).
   rF+:       It protects you from fire.
   rC-:       It makes you vulnerable to cold.
   rN+:       It protects you from negative energy.
 L - the amulet of Disaster {Reflect Fly Dex+5 SH+5}
   (You found it in a treasure trove)

   [amulet of reflection]

   Reflect:   It reflects blocked missile attacks.
   Dex+5:     It affects your dexterity (+5).
   Fly:       It grants you flight.
   SH+5:      It affects your SH (+5).
 Q - an amulet of the acrobat
 T - an amulet of magic regeneration (around neck)
Wands
 i - a wand of mindburst (25)
 u - a wand of paralysis (16)
 x - a wand of digging (8)
 P - a wand of flame (39)
 R - a wand of roots (9)
 U - a wand of quicksilver (5)
Scrolls
 e - a scroll of brand weapon
 g - 2 scrolls of butterflies
 l - 14 scrolls of teleportation
 o - 5 scrolls of poison
 s - 4 scrolls of noise
 t - 3 scrolls of silence
 y - 3 scrolls of immolation
 E - 3 scrolls of identify
 F - a scroll of revelation
 I - a scroll of enchant weapon
 K - 2 scrolls of vulnerability
 M - 2 scrolls of enchant armour
 N - 3 scrolls of fog
 W - 3 scrolls of fear
 Z - 2 scrolls of amnesia
Potions
 a - 2 potions of mutation
 b - a potion of magic
 c - a potion of curing
 d - a potion of berserk rage
 f - 4 potions of heal wounds
 n - 5 potions of brilliance
 q - 3 potions of attraction
 r - a potion of lignification
 w - 4 potions of ambrosia
 z - a potion of cancellation
 B - 8 potions of might
 C - 4 potions of resistance
 D - 5 potions of haste
 O - a potion of enlightenment
Miscellaneous
 V - a phantom mirror (inert)
 Y - a tin of tremorstones (inert)


   Skills:
 - Level 5.0 Fighting
 - Level 9.0 Dodging
 - Level 2.4 Stealth
 + Level 21.1 Spellcasting
 + Level 18.2 Conjurations
 + Level 15.4 Fire Magic
 - Level 7.4 Ice Magic
 - Level 8.0 Earth Magic
 - Level 8.0 Alchemy


You had 32 spell levels left.
You knew the following spells:

 Your Spells              Type           Power      Damage    Failure   Level
a - Petrify               Alch/Erth      99%        N/A       1%          4
b - Searing Ray           Conj           100%       2d8       0%          2
c - Fulminant Prism       Conj/Alch      58%        3d25      1%          4
d - Starburst             Conj/Fire      76%        6d20      1%          6
e - Orb of Destruction    Conj           54%        9d14      1%          7
f - Blink                 Tloc           78%        N/A       1%          2

Your spell library contained the following spells:

 Spells                   Type           Power      Damage    Failure   Level
 Foxfire                  Conj/Fire      100%       2x1d9     0%          1
 Magic Dart               Conj           100%       1d8       0%          1
 Flame Wave               Conj/Fire      100%       2d21      0%          4
 Iskenderun's Battlesphe  Conj           100%       2d15      0%          5
 Cigotuvi's Dreadful Rot  Necr/Alch/Air  100%       N/A       1%          2
 Ensorcelled Hibernation  Hex/Ice        100%       N/A       1%          2
 Lesser Beckoning         Tloc           78%        N/A       1%          2
 Momentum Strike          Conj/Tloc      100%       3d10      1%          2
 Sublimation of Blood     Necr           39%        N/A       1%          2
 Dazzling Flash           Conj/Hex       100%       N/A       1%          3
 Frozen Ramparts          Ice            100%       1d16      1%          3
 Fugue of the Fallen      Necr           39%        N/A       1%          3
 Gell's Gravitas          Tloc           39%        N/A       1%          3
 Inner Flame              Hex/Fire       100%       N/A       1%          3
 Ozocubu's Armour         Ice            96%        N/A       1%          3
 Teleport Other           Tloc           39%        N/A       1%          3
 Tukima's Dance           Hex            39%        N/A       1%          3
 Brom's Barrelling Bould  Conj/Erth      94%        2d10      1%          4
 Ignite Poison            Fire/Alch      100%       N/A       1%          4
 Iskenderun's Mystic Bla  Conj/Tloc      82%        2d16      1%          4
 Leda's Liquefaction      Alch/Erth      49%        N/A       1%          4
 Sticky Flame             Fire/Alch      100%       2d15      1%          4
 Summon Ice Beast         Ice/Summ       79%        N/A       1%          4
 Alistair's Intoxication  Alch           66%        N/A       1%          5
 Fireball                 Conj/Fire      76%        3d28      1%          5
 Freezing Cloud           Conj/Ice/Air   50%        6-21      1%          5
 Irradiate                Conj/Alch      58%        3d31      1%          5
 Bombard                  Conj/Erth      47%        9d8       1%          6
 Conjure Ball Lightning   Conj/Air       41%        3x3d13    2%          6
 Borgnjor's Vile Clutch   Necr/Erth      31%        N/A       3%          5
 Yara's Violent Unravell  Hex/Alch       40%        3d16      3%          5
 Metabolic Englaciation   Hex/Ice        39%        N/A       4%          5
 Eringya's Noxious Bog    Alch           49%        4d6       4%          6
 Plasma Beam              Fire/Air       60%        2x1d76    4%          6
 Anguish                  Hex/Necr       19%        N/A       7%          4
 Animate Dead             Necr           39%        N/A       7%          4
 Dimensional Bullseye     Hex/Tloc       19%        N/A       7%          4
 Passage of Golubria      Tloc           39%        N/A       7%          4
 Summon Lightning Spire   Summ/Air       39%        N/A       7%          4
 Spellforged Servitor     Conj/Summ      41%        N/A       14%         7
 Lehudib's Crystal Spear  Conj/Erth      47%        10d11     21%         8
 Simulacrum               Ice/Necr       39%        N/A       22%         6
 Ozocubu's Refrigeration  Ice            48%        4d18      28%         7
 Fire Storm               Conj/Fire      76%        8d19      56%         9
 Death Channel            Necr           19%        N/A       71%         6
 Haunt                    Necr/Summ      19%        N/A       99%         7
 Monstrous Menagerie      Summ           19%        N/A       99%         7
 Borgnjor's Revivificati  Necr           19%        N/A       100%        8
 Chain Lightning          Conj/Air       41%        3d54      100%        9
 Death's Door             Necr           19%        N/A       100%        9
 Dragon's Call            Summ           19%        N/A       100%        9
 Polar Vortex             Ice            48%        12d6*     100%        9
 Shatter                  Erth           39%        3d31*     100%        9


Dungeon Overview and Level Annotations

Branches:
Dungeon (15/15)            Temple (1/1) D:7            Lair (5/5) D:11
 Shoals (0/4) Lair:3       Spider (0/4) Lair:2        Slime (0/5) Lair:5
    Orc (2/2) D:11            Elf (0/3) Orc:2        Vaults (0/5) D:13
 Depths (1/4) D:15          Sewer (visited)         Ossuary (visited)
  IceCv (visited)         Gauntlet (visited)

Altars:
Ashenzari
Cheibriados
Dithmenos
Elyvilon
Fedhas
Gozag
Hepliaklqana
Kikubaaqudgha
Makhleb
Nemelex Xobeh
Okawaru
Qazlal
Ru
Sif Muna
Trog
Uskayaw
Vehumet
Wu Jian
Xom
Yredelemnul
Zin
The Shining One
Jiyva

Shops:
D:1 [   D:6 :   D:8 [   D:14 (   Orc:2 [*([   Depths:1 :

Portals:
Hell: Depths:1
Abyss: Depths:1
Pandemonium: Depths:1

Annotations:
D:7 2 transporters, justen's ghost, novice HOFi
Depths:1 the Enchantress


Message History

The burst of rock shards engulfs the spriggan air mage!
The burst of rock shards engulfs the spriggan defender!
The burst of rock shards engulfs the Enchantress!
You hear a shout!
The Enchantress hits you with a +2 flail of venom!
Unknown command.
Non-targeted evoke: tin of tremorstones (1/2)
Press: ? - help, Q - select action, (/) - cycle Dir - look around, f - activate The tremorstone explodes into fragments!
The burst of rock shards engulfs the spriggan defender!
The burst of rock shards engulfs the spriggan!
You kill the spriggan!
Sif Muna accepts your kill.
The burst of rock shards engulfs the ettin!
The burst of rock shards engulfs the spriggan air mage!
The tin is emptied!
The Enchantress hits you with a +2 flail of venom!
* * * LOW HITPOINT WARNING * * *
An ice dragon comes into view.
Aiming: Orb of Destruction (dangerous; 1% risk of failure)
Press: ? - help, Q - select action, (/) - cycle Shift-Dir - straight line,
f - the Enchantress
Aim: the Enchantress, wielding a +2 flail of venom, wearing the +0 faerie dragon scales {Harm rCorr Dex+3 Clar} and wearing a +2 buckler of protection (almost dead, repelling missiles)
The Enchantress blocks your orb of destruction.
The Enchantress casts a spell.
You are confused.
Unknown command.
You feel better.
The spriggan air mage waves its arms in wide circles.
The air twists around and strikes you!
* * * LOW HITPOINT WARNING * * *
The spriggan defender hits you with a +2 lajatang of electrocution!!
* * * LOW HITPOINT WARNING * * *
Blink to where?
Press: ? - help, Dir - move target,
p - the Enchantress
As you read the scroll of blinking, it crumbles to dust.
The Enchantress points at you and mumbles some strange words.
You feel yourself slow down.
The spriggan air mage waves its arms in wide circles.
The air twists around and strikes you!
You die...

##'#.......#.......
#..#####.<.#....... ..~....
##'#...#...#.......
..~~~~~...
#.)....#...'.....#'
.........
#......###.#....##.
......D..
#........########.. ....).
#####.........#..... ..C.
##.#.##..).....#.....
#'###..'@.#.######'#.....
###i.i...#..###......#.....
#.'i...###..#........'.>...
#..##...#....'.......####'#.
#.>.
##..####.#.......#....#' #..
####.)#+#...##'##...... #.
##.#.....#...'.......... #
##..##....#'###.......... #
##....#'##'#.#............


You could see the Enchantress (repels missiles), a spriggan defender and a
spriggan air mage (repels missiles).

Vanquished Creatures
  Saint Roka (Orc:2)
  2 spriggan defenders (Depths:1)
  2 orc warlords
  Nessos (D:12)
  6 very ugly things (Depths:1)
  3 stone giants (Depths:1)
  A dire elephant (D:15)
  Snorg (Orc:1)
  The ghost of TransRights the Cleaver, a journeyman MiFi (D:11)
  A fire dragon (D:14)
  Josephine (Lair:5)
  A great orb of eyes (Gauntlet)
  3 ettins
  4 vault guards (D:13)
  5 hydras
  An ice dragon (Depths:1)
  7 two-headed ogres
  4 catoblepae
  2 centaur warriors
  13 death yaks (Lair:5)
  A tengu warrior (D:15)
  3 boulder beetles
  A death scarab (Gauntlet)
  A deep troll shaman (Depths:1)
  An orc high priest (Orc:2)
  A deep troll earth mage (D:11)
  A thrashing horror (Gauntlet)
  Sonja (Orc:1)
  7 skeletal warriors
  A spectral death yak (Gauntlet)
  An iron troll (Depths:1)
  A glowing orange brain (Depths:1)
  4 deep trolls (Depths:1)
  A bog body (IceCv)
  2 arcanists
  A necromancer (IceCv)
  6 orc knights
  A deep elf pyromancer (D:13)
  6 orc sorcerers
  9 ugly things
  A wolf spider zombie (D:12)
  5 manticores
  6 cyclopes
  A salamander (D:15)
  Maurice (Orc:1)
  A merfolk siren (Lair:3)
  4 kobold blastminers
  2 ice statues (IceCv)
  17 elephants
  4 centaur zombies (D:12)
  4 black mambas
  4 large abominations (Depths:1)
  4 gargoyles
  A torpor snail (Lair:5)
  11 cane toads
  Jeremiah (D:9)
  8 centaur skeletons (D:12)
  11 komodo dragons
  6 efreet
  A kobold demonologist (D:10)
  7 yaktaurs
  3 rime drakes
  2 tengu conjurers
  2 freezing wraiths
  7 unseen horrors
  7 ice devils
  3 anaconda simulacra (IceCv)
  2 polar bears
  14 trolls
  A hornet (D:7)
  12 blink frogs
  6 dream sheep (Lair:5)
  2 spriggans (Depths:1)
  4 culicivoras (Lair:2)
  A meliai zombie (D:12)
  17 slime creatures
  5 shadows (D:12)
  2 jumping spiders (Lair:2)
  3 vampires
  11 wraiths
  71 yaks
  4 dire elephant simulacra (IceCv)
  7 wyverns
  2 humans (D:13)
  3 basilisks
  2 chaos spawn (Depths:1)
  9 wargs
  3 steam dragons
  A death yak simulacrum (IceCv)
  2 acid dragons
  Duvessa (D:4)
  3 hydra simulacra (IceCv)
  40 orc warriors
  13 water moccasins
  4 black bears
  A sky beast (D:6)
  2 laughing skulls (D:12)
  12 ogres
  5 small abominations
  8 wolves
  A phantom (D:5)
  3 centaurs
  2 kobold brigands
  18 bullfrogs
  5 scorpions
  2 gnoll sergeants
  A two-headed ogre simulacrum (IceCv)
  15 wights
  Dowan (D:4)
  9 killer bees
  3 howler monkeys
  3 electric eels
  A quasit (D:5)
  10 hounds
  24 orc priests
  4 jellies
  A gnoll bouda (D:6)
  2 sleepcaps
  9 iguanas
  29 orc wizards
  5 hell rats (Lair:2)
  A wolf simulacrum (IceCv)
  2 polar bear simulacra (IceCv)
  8 mummies (Ossuary)
  9 river rats (Sewer)
  18 adders
  12 gnolls
  A naga simulacrum (IceCv)
  4 shadow imps (D:5)
  9 white imps
  3 ufetubi (D:5)
  A worm (D:5)
  A dart slug (D:2)
  92 orcs
  15 ball pythons
  4 endoplasms
  3 giant cockroaches
  8 goblins
  12 hobgoblins
  5 jackals
  13 kobolds
  A quokka (D:3)
  5 bats
  17 frilled lizards
  2 hobgoblin zombies (Ossuary)
  2 kobold zombies (Ossuary)
  4 orc zombies (Ossuary)
  25 rats
  A butterfly (D:4)
  3 fulminant prisms
936 creatures vanquished.

Vanquished Creatures (collateral kills)
  A minotaur (Gauntlet)
1 creature vanquished.

Vanquished Creatures (others)
  A yak (Lair:5)
  A gnoll (D:9)
  A quokka (D:7)
  126 fulminant prisms
129 creatures vanquished.

Grand Total: 1066 creatures vanquished

Notes
Turn   | Place    | Note
-------+----------+-------------------------------------------
     0 | D:1      | Alvadar the Deep Elf Conjurer began the quest for the Orb.
     0 | D:1      | Reached XP level 1. HP: 10/10 MP: 6/6
   164 | D:1      | Reached XP level 2. HP: 15/15 MP: 1/8
   363 | D:1      | Found Rorhef's Antique Armour Emporium.
   462 | D:1      | Reached XP level 3. HP: 19/19 MP: 3/10
   465 | D:1      | Learned a level 2 spell: Searing Ray
  1185 | D:2      | Reached skill level 4 in Spellcasting
  1185 | D:2      | Reached skill level 1 in Alchemy
  1201 | D:2      | Reached XP level 4. HP: 24/24 MP: 4/12
  1285 | D:2      | Reached skill level 5 in Conjurations
  2261 | D:3      | Found a glowing golden altar of the Shining One.
  2947 | D:3      | Learned a level 4 spell: Fulminant Prism
  2956 | D:4      | Reached XP level 5. HP: 28/28 MP: 10/13
  2965 | D:4      | Found a shimmering altar of Xom.
  3065 | D:4      | Found a sand-covered staircase.
  3070 | Ossuary  | Entered an ossuary
  3451 | Ossuary  | Reached XP level 6. HP: 32/32 MP: 6/15
  3769 | D:4      | Reached skill level 5 in Spellcasting
  3800 | D:4      | Noticed Duvessa
  3941 | D:4      | Noticed Dowan
  3948 | D:4      | Killed Dowan
  3952 | D:4      | Killed Duvessa
  4157 | D:5      | Entered Level 5 of the Dungeon
  4206 | D:5      | Reached XP level 7. HP: 29/36 MP: 6/17
  4423 | D:5      | Reached skill level 5 in Dodging
  4516 | D:5      | Noticed a wyvern
  4529 | D:5      | Killed a wyvern
  4530 | D:5      | Reached skill level 6 in Spellcasting
  4530 | D:5      | Reached skill level 5 in Alchemy
  4683 | D:5      | Found a glowing drain.
  4694 | Sewer    | Entered a sewer
  5193 | Sewer    | Reached XP level 8. HP: 36/41 MP: 12/19
  5576 | D:5      | Found a stormy altar of Qazlal.
  5759 | D:5      | Reached skill level 7 in Spellcasting
  5986 | D:5      | Noticed a troll
  5995 | D:5      | Killed a troll
  6752 | D:6      | Reached XP level 9. HP: 45/45 MP: 14/22
  6922 | D:6      | Found a burning altar of Makhleb.
  6926 | D:6      | Noticed a blizzard demon
  6928 | D:6      | Found a glowing silver altar of Zin.
  6929 | D:6      | Noticed an angel
  7051 | D:6      | Found Viti's Self-Improvement Boutique.
  7118 | D:6      | Reached skill level 8 in Spellcasting
  7637 | D:7      | Found a staircase to the Ecumenical Temple.
  7700 | Temple   | Entered the Ecumenical Temple
  7709 | Temple   | Became a worshipper of Sif Muna the Loreminder
  7824 | D:7      | Reached skill level 9 in Spellcasting
  8206 | D:7      | Found a white marble altar of Elyvilon.
  8528 | D:7      | Found a transporter.
  8532 | D:7      | Found a transporter.
  8533 | D:7      | Found a bloodstained altar of Trog.
  8534 | D:7      | Noticed justen's ghost (novice HOFi)
  8548 | D:7      | Noticed a moth of wrath
  8807 | D:8      | Reached * piety under Sif Muna
  8983 | D:8      | Reached XP level 10. HP: 22/51 MP: 14/25
  9023 | D:8      | Reached skill level 1 in Fire Magic
  9204 | D:8      | Found Beneigui's Armour Emporium.
  9215 | D:8      | Reached skill level 1 in Fighting
  9627 | D:9      | Reached skill level 10 in Spellcasting
  9639 | D:9      | Noticed a two-headed ogre
 10041 | D:9      | Noticed Jeremiah
 10051 | D:9      | Killed Jeremiah
 10102 | D:9      | Noticed a five-headed hydra
 10110 | D:9      | Killed a five-headed hydra
 10111 | D:9      | Reached skill level 11 in Spellcasting
 10163 | D:9      | Noticed a two-headed ogre
 10171 | D:9      | Killed a two-headed ogre
 10172 | D:9      | Reached skill level 5 in Fire Magic
 10244 | D:9      | Identified the +9 flail of Wilaeclo {heavy, rPois rN+++
                  | Int+5}
 10261 | D:9      | Noticed a four-headed hydra
 10479 | D:9      | Killed a two-headed ogre
 10480 | D:9      | Reached XP level 11. HP: 38/62 MP: 14/28
 10488 | D:9      | Reached skill level 12 in Spellcasting
 10607 | D:9      | Killed a four-headed hydra
 10788 | D:9      | Reached skill level 5 in Fighting
 10888 | D:9      | Reached ** piety under Sif Muna
 11108 | D:9      | Found an iron altar of Okawaru.
 11271 | D:9      | Identified the staff "Kafopabrae" {rF+ Int+4 Fire Alchemy}
 11277 | D:9      | Got Xuce's Folio of the Entourage
 11296 | D:9      | Noticed a centaur warrior
 11306 | D:9      | Killed a centaur warrior
 11565 | D:10     | Entered Level 10 of the Dungeon
 11743 | D:9      | Learned a level 6 spell: Starburst
 12656 | D:10     | Found a portal to a secret trove of treasure.
 12661 | Trove    | Entered a treasure trove
 12670 | Trove    | Identified the +5 kite shield "Erezoj" {^Drain rPois Slay+3
                  | SInv}
 12672 | Trove    | Identified the +2 rapier "Ulitov" {holy, rPois}
 12686 | Trove    | Identified the ring of Ucziygiu {+Blink rN+ Will- rCorr}
 12692 | Trove    | Identified the amulet of Disaster {Reflect Fly Dex+5 SH+5}
 12702 | Trove    | Identified the ring "Cidghewn" {rN+ Dex+3 Slay+2}
 12969 | D:11     | Noticed a two-headed ogre
 12979 | D:11     | Killed a two-headed ogre
 13496 | D:11     | Reached skill level 10 in Conjurations
 13705 | D:11     | Reached XP level 12. HP: 64/68 MP: 27/30
 13716 | D:11     | Found a staircase to the Lair.
 13745 | D:11     | Noticed a boulder beetle
 13757 | D:11     | Killed a boulder beetle
 13758 | D:11     | Reached skill level 10 in Fire Magic
 13878 | D:11     | Found a runed translucent door.
 14064 | D:11     | Noticed a two-headed ogre
 14068 | D:11     | Killed a two-headed ogre
 14302 | D:11     | Found a staircase to the Orcish Mines.
 14462 | D:11     | Noticed a deep troll earth mage
 14468 | D:11     | Killed a deep troll earth mage
 14468 | D:11     | Noticed TransRights's ghost (journeyman MiFi)
 14483 | Lair:1   | Entered Level 1 of the Lair of Beasts
 14509 | Lair:1   | Found a gate leading to a gauntlet.
 14517 | Gauntlet | Entered a Gauntlet
 14517 | Gauntlet | Noticed a death scarab
 14517 | Gauntlet | Found a transporter.
 14517 | Gauntlet | Found a runed translucent door.
 14517 | Gauntlet | Found a transporter.
 14529 | Gauntlet | Found a transporter.
 14541 | Gauntlet | Found a transporter.
 14559 | Gauntlet | Found a transporter.
 14559 | Gauntlet | Found a transporter.
 14559 | Gauntlet | Found a transporter.
 14561 | Gauntlet | Found a transporter.
 14561 | Gauntlet | Found a transporter.
 14570 | Gauntlet | Noticed a great orb of eyes
 14576 | Gauntlet | Found a transporter.
 14588 | Gauntlet | Found a transporter.
 14592 | Gauntlet | Found a runed translucent door.
 14599 | Gauntlet | Found a transporter.
 14600 | Gauntlet | Noticed a hell beast
 14613 | Gauntlet | Found a transporter.
 14633 | Gauntlet | Found a transporter.
 14636 | Gauntlet | Found a runed translucent door.
 14689 | Gauntlet | Killed a death scarab
 14911 | Gauntlet | Identified the +0 pair of boots of the Dancing Gods
                  | {Rampage}
 15011 | Gauntlet | Killed a great orb of eyes
 15147 | Gauntlet | Learned a level 4 spell: Petrify
 15152 | Gauntlet | Noticed a minotaur
 15172 | Gauntlet | Killed a minotaur
 15173 | Gauntlet | Reached skill level 13 in Spellcasting
 15173 | Gauntlet | Reached skill level 1 in Earth Magic
 15293 | Gauntlet | Identified the ring of the Tempest {Fire rN+ Str+6}
 16493 | Lair:2   | Reached skill level 5 in Earth Magic
 16632 | Lair:2   | Reached XP level 13. HP: 67/72 MP: 18/32
 16931 | Lair:2   | Reached *** piety under Sif Muna
 16935 | Lair:2   | Reached skill level 14 in Spellcasting
 17134 | Lair:2   | Found a hole to the Spider Nest.
 17976 | Lair:3   | Reached **** piety under Sif Muna
 18373 | Lair:3   | Found a staircase to the Shoals.
 18911 | Lair:4   | Reached skill level 15 in Spellcasting
 19672 | Lair:5   | Entered Level 5 of the Lair of Beasts
 19724 | Lair:5   | Noticed Josephine
 19726 | Lair:5   | Reached skill level 16 in Spellcasting
 19728 | Lair:5   | Reached XP level 14. HP: 78/78 MP: 6/36
 19730 | Lair:5   | Killed Josephine
 19753 | Lair:5   | Reached ***** piety under Sif Muna
 19793 | Lair:5   | Found a frozen archway.
 19914 | IceCv    | Entered an ice cave
 20138 | IceCv    | Received a gift from Sif Muna
 20139 | IceCv    | Got Sif Muna's Information on the Phantasmal Gift {god
                  | gift}
 20264 | IceCv    | Reached skill level 17 in Spellcasting
 20373 | Lair:5   | Reached skill level 15 in Conjurations
 20774 | Lair:5   | Reached skill level 18 in Spellcasting
 20848 | Lair:5   | Reached skill level 1 in Ice Magic
 21085 | Lair:5   | Found a staircase to the Slime Pits.
 21094 | Lair:5   | Found a viscous altar of Jiyva.
 21416 | Lair:5   | Reached skill level 5 in Ice Magic
 21835 | D:11     | Killed TransRights's ghost
 22056 | Orc:1    | Entered Level 1 of the Orcish Mines
 22056 | Orc:1    | Noticed Sonja
 22061 | Orc:1    | Killed Sonja
 22140 | Orc:1    | Reached XP level 15. HP: 71/81 MP: 21/39
 22213 | Orc:1    | Received a gift from Sif Muna
 22219 | Orc:1    | Got Toimep's Atlas of Battling and the Pyre {god gift}
 22317 | Orc:1    | You fall into a shaft and drop 1 floor!
 22317 | Orc:2    | Entered Level 2 of the Orcish Mines
 22660 | Orc:1    | Noticed Maurice
 22663 | Orc:1    | Killed Maurice
 22688 | Orc:1    | Noticed Snorg
 22693 | Orc:1    | Killed Snorg
 23684 | Orc:2    | Found Zowor's General Store.
 23837 | Orc:2    | Found a staircase to the Elven Halls.
 24127 | Orc:2    | Noticed Saint Roka
 24137 | Orc:2    | Killed Saint Roka
 24425 | Orc:2    | Received a gift from Sif Muna
 24426 | Orc:2    | Got Sif Muna's Annotations on the Congregated Arsonist {god
                  | gift}
 24905 | Orc:2    | Found Visev's Antique Armour Boutique.
 25022 | Orc:2    | Found Luiggut's Antique Weapon Emporium.
 25024 | Orc:2    | Found Votryuxa's Antique Armour Shoppe.
 25043 | Orc:2    | Bought a pair of distressingly furry gloves for 237 gold
                  | pieces
 25043 | Orc:2    | Identified the +2 pair of gloves of the Untouchables {rPois
                  | Dex+3} (You bought it in a shop on level 2 of the Orcish
                  | Mines)
 25147 | Orc:2    | Bought a pair of embroidered boots for 217 gold pieces
 25279 | D:12     | Noticed Nessos
 25291 | D:12     | Killed Nessos
 25672 | D:12     | Learned a level 7 spell: Orb of Destruction
 25701 | D:12     | Reached skill level 19 in Spellcasting
 27131 | D:13     | Received a gift from Sif Muna
 27175 | D:13     | Reached ****** piety under Sif Muna
 27684 | D:13     | Reached XP level 16. HP: 62/87 MP: 26/41
 28101 | D:13     | Found a gate to the Vaults.
 28779 | D:14     | Found Fyluvael's Weapon Emporium.
 29167 | D:14     | Reached skill level 20 in Spellcasting
 29325 | D:15     | Entered Level 15 of the Dungeon
 29828 | D:15     | Identified the +9 whip of Wyrd {heavy, rN+}
 30133 | D:15     | Received a gift from Sif Muna
 30209 | D:15     | Learned a level 2 spell: Blink
 30461 | D:15     | Found a staircase to the Depths.
 30848 | Depths:1 | Entered Level 1 of the Depths
 31088 | Depths:1 | Found a gateway to Hell.
 31101 | Depths:1 | Found Xyulef's Book Shop.
 31396 | Depths:1 | Noticed the Enchantress
 31445 | Depths:1 | Reached skill level 15 in Fire Magic
 31944 | Depths:1 | Found a one-way gate leading to the halls of Pandemonium.
 31988 | Depths:1 | HP: 4/87 [cyan very ugly thing (21)]
 32502 | Depths:1 | Reached skill level 21 in Spellcasting
 32852 | Depths:1 | Found a one-way gate to the infinite horrors of the Abyss.
 33105 | Depths:1 | HP: 4/87 [spriggan defender/+2 lajatang of
                  | electrocution[the Enchantress] (20)]
 33106 | Depths:1 | Killed from afar by a spriggan air mage

Illustrated notes

Levels and vault maps discovered:
D:1:      evilmike_arrival_crescent, layout_loops_ring, serial_shops,
          nicolae_shop_rolling_square
D:2:      layout_loops_corners, minmay_circled_x
D:3:      layout_basic, general_overflow_altar
D:4:      layout_rooms, xom_butterflies, enter_ossuary_2, uniq_duvessa
D:5:      layout_loops_corners, mainiacjoe_overflow_small_starburst,
          portal_sewer_entry_d, serial_demonic, serial_demonic_f,
          serial_demonic_b, serial_demonic_d, serial_demonic_c,
          serial_demonic_f, serial_demonic_a, lexackson_kobold_supper
D:6:      layout_loops_cross, grunt_temple_overflow_order_and_chaos_2,
          nicolae_shop_self_help
D:7:      layout_gridville, elyvilon_altar_4, temple_doors_cd,
          gammafunk_ghost_wrathful_warriors
D:8:      layout_cave_pools, serial_shops, shop
D:9:      minmay_the_grid_octo_triangle [minmay_the_grid_octo_fan_narrow,
          minmay_the_grid_octo_prize_single_spiral,
          minmay_the_grid_octo_clover], layout_cave_pools,
          okawaru_altar_gauntlet_db, uniq_jeremiah
D:10:     layout_stronghold, enter_trove_3
D:11:     layout_long_grid, erik_lair_island, david_orc_4,
          ebering_ghost_inner_flame
D:12:     hangedman_screamer, layout_grid_maze, uniq_nessos
D:13:     layout_loops_ring, grunt_vaults_entry_fortified,
          kennysheep_small_circle
D:14:     layout_cave_pods, serial_shops, nicolae_shop_statue_plus
D:15:     hangedman_depths_entry_try_elsewhere_first, layout_long_grid
Temple:   hellmonk_temple_two_chambers
Lair:1:   layout_roguey, gauntlet_entry_generic, lemuel_fruit_tree
Lair:2:   lemuel_reptile_caves, layout_gridlike,
          nicolae_spider_entry_tight_spaces
Lair:3:   layout_cave_pods, elwin_shoals_entry_rooms, serial_forest,
          infiniplex_forest_clump_curved, infiniplex_forest_corner_1,
          infiniplex_forest_lined_2, infiniplex_forest_straight_5,
          infiniplex_forest_straight_4
Lair:4:   layout_long_grid
Lair:5:   evilmike_catoblepas_cave, layout_regular_city,
          nicolae_slime_entry_field_trip, portal_ice_cave_demonic_guard,
          small_statue_intersection, serial_bayou_pond_e, uniq_josephine
Orc:1:    layout_caves, uniq_maurice, uniq_snorg, uniq_sonja
Orc:2:    grunt_orc_community_town_hall, layout_caves,
          grunt_orc_community_big_house_2, grunt_orc_community_big_house_2,
          grunt_orc_community_house_3, grunt_orc_community_house_3,
          grunt_orc_community_house_3, grunt_orc_community_house_3,
          grunt_orc_community_house_2, mines5_lemuel, uniq_saint_roka
Depths:1: layout_honeycomb, serial_shops, nicolae_shop_tiny_waterfront,
          pan_entry, hell_entry, minmay_room_of_horrors, kennysheep_potato,
          uniq_enchantress

Skill      XL: |  1  2  3  4  5  6  7  8  9 10 11 12 13 14 15 16 |
---------------+-------------------------------------------------+-----
Dodging        | 3 4 5 6 8 9 |  9.0
Spellcasting   | 4 5 6 7 9 11 12 13 16 18 19 21 | 21.1
Alchemy        | 1 2 3 4 5 7 8 |  8.0
Conjurations   | 5 6 7 9 10 11 14 15 17 18 | 18.2
Fire Magic     | 5 9 12 13 15 | 15.4
Fighting       | 4 5 |  5.0
Earth Magic    | 5 8 |  8.0
Ice Magic      | 7 |  7.4
Stealth        | |  2.4

Action                     |  1- 3 |  4- 6 |  7- 9 | 10-12 | 13-15 | 16-18 || total
---------------------------+-------+-------+-------+-------+-------+-------++-------
  Melee: Unarmed           |    22 |       |       |       |       |       ||    22
         Dagger            |       |    19 |    22 |       |       |       ||    41
         Punch             |       |       |     1 |       |     1 |       ||     2
         Staff             |       |       |       |    36 |    58 |     1 ||    95
  Throw: Throwing net      |       |       |       |     1 |       |       ||     1
   Cast: Magic Dart        |    48 |   109 |    44 |     3 |       |       ||   204
         Searing Ray       |     2 |    19 |    79 |    55 |     2 |       ||   157
         Fulminant Prism   |       |       |    20 |    94 |    15 |       ||   129
         Starburst         |       |       |       |    57 |   370 |    67 ||   494
         Petrify           |       |       |       |     5 |     4 |       ||     9
         Orb of Destructio |       |       |       |       |    15 |   107 ||   122
  Evoke: Wand              |       |     3 |     8 |    11 |    14 |     1 ||    37
         Tin of tremorston |       |       |       |     2 |     2 |     2 ||     6
         Phantom mirror    |       |       |       |     1 |     1 |     1 ||     3
    Use: Scroll            |       |     3 |     3 |    18 |     6 |    13 ||    43
         Potion            |       |       |     6 |     5 |     3 |     4 ||    18
   Stab: Petrified         |       |       |       |     8 |     1 |       ||     9
 Armour: Robe              |    10 |     5 |    92 |   129 |   188 |    73 ||   497
  Dodge: Dodged            |    15 |    10 |   104 |   169 |   185 |    44 ||   527

Table legend: (Time is in decaauts)
 A = Elapsed time spent in this place.
 B = Non-inter-level travel time spent in this place.
 C = Inter-level travel time spent in this place.
 D = Time resting spent in this place.
 E = Time spent auto-exploring this place.
 F = Levels seen in this place.
 G = Mean time per level.
                   A        B        C        D        E       F      G
               +--------+--------+--------+--------+--------+-----+--------+
         Total |  33253 |  31585 |   1668 |   5661 |  19994 |  29 | 1146.7 |
       Dungeon |  19034 |  17971 |   1063 |   3298 |  11873 |  15 | 1268.9 |
        Temple |     18 |      2 |     16 |      0 |      0 |   1 |   18.0 |
          Lair |   6101 |   5835 |    266 |    352 |   4492 |   5 | 1220.2 |
  Orcish Mines |   3056 |   2904 |    152 |    566 |   1731 |   2 | 1528.0 |
        Depths |   2258 |   2087 |    171 |    578 |   1117 |   1 | 2258.0 |
         Trove |     59 |     59 |      0 |      0 |      0 |   1 |   59.0 |
         Sewer |    785 |    785 |      0 |    282 |    213 |   1 |  785.0 |
       Ossuary |    676 |    676 |      0 |     87 |    425 |   1 |  676.0 |
      Ice Cave |    421 |    421 |      0 |     87 |     19 |   1 |  421.0 |
      Gauntlet |    840 |    840 |      0 |    411 |    123 |   1 |  840.0 |
               +--------+--------+--------+--------+--------+-----+--------+

Top non-repeatable levels by time:
Depths:1: 2258 daAuts
   Orc:2: 2058 daAuts
     D:9: 1710 daAuts
     D:5: 1686 daAuts
    D:11: 1673 daAuts
    D:10: 1655 daAuts
    D:12: 1602 daAuts
  Lair:5: 1590 daAuts
  Lair:2: 1313 daAuts
    D:13: 1305 daAuts
    D:15: 1283 daAuts
     D:8: 1283 daAuts
     D:2: 1182 daAuts
    D:14: 1178 daAuts
  Lair:3: 1158 daAuts
